 Dungeon Crawl Stone Soup version 0.29-a0-72-g1732ff48e7 (webtiles) character file.

Game seed: 495215318403981719

91 HallandMoats the Ruffian (level 4, -1/40 HPs)
             Began as a Ghoul Monk on Feb 4, 2022.
             Slain by a gnoll (7 damage)
             ... on level 2 of the Dungeon.
             The game lasted 00:03:19 (2139 turns).

HallandMoats the Ruffian (Ghoul Monk)               Turns: 2139, Time: 00:03:19

Health: -1/40      AC:  6    Str: 16    XL:     4   Next: 57%
Magic:  4/4        EV: 12    Int:  5    God:
Gold:   96         SH:  5    Dex: 11    Spells: 3/3 levels left

rFire   . . .      SeeInvis .     - Unarmed
rCold   + . .      Faith    .   j - +2 buckler
rNeg    + + +      Spirit   .   a - +0 robe
rPois   ∞          Reflect  .   q - +2 helmet
rElec   .          Harm     .   (no cloak)
rCorr   .          Rampage  .   (no gloves)
Will    .....                   b - +0 pair of boots
Stlth   ++........              l - amulet of the acrobat
HPRegen 0.00/turn               (no ring)
MPRegen 0.09/turn               (no ring)

@: inhibited regen
A: claws 1, cold resistance 1, negative energy resistance 3, inhibited
regeneration, torment resistance 2
a: no special abilities


You were on level 2 of the Dungeon.
You visited 1 branch of the dungeon, and saw 3 of its levels.

You collected 96 gold pieces.

Inventory:

Armour
 a - a +0 robe (worn)
 b - a +0 pair of boots (worn)
 j - a +2 buckler (worn)
 q - a +2 helmet (worn)
Jewellery
 l - an amulet of the acrobat (around neck)
Scrolls
 e - a scroll of fear
Potions
 c - a potion of curing {unknown}
 h - a potion of heal wounds {unknown}
 i - a potion of lignification {unknown}
 o - a potion of brilliance {unknown}
 p - a potion of degeneration {unknown}


   Skills:
 * Level 3.8 Fighting
 + Level 1.0 Armour
 + Level 2.9 Dodging
 - Level 2.1 Stealth
 + Level 0.9 Shields
 * Level 4.0 Unarmed Combat
 * Level 1.9 Invocations


You had 3 spell levels left.
You didn't know any spells.
Your spell library was empty.

Dungeon Overview and Level Annotations

Branches:
Dungeon (3/15)

Altars:


Innate Abilities, Weirdness & Mutations

You thrive by killing the living.
You are immune to poison.
You have sharp fingernails.
Your flesh is cold resistant. (rC+)
You are immune to negative energy. (rN+++)
You do not regenerate when monsters are visible.
You are immune to unholy pain and torment.


Message History

a +0 whip; an orc corpse
Found an escape hatch in the floor.
Found a stone staircase leading up.
Found a fizzy brown potion.
There is a stone staircase leading up here.
You block the gnoll's attack.
You climb upwards.
There is a stone staircase leading down here.
You are too injured to fight recklessly!
You are too injured to fight recklessly!
You are too injured to fight recklessly!
You are too injured to fight recklessly!
You are too injured to fight recklessly!
You are too injured to fight recklessly!
You closely miss the gnoll.
The gnoll is severely wounded.
The gnoll hits you with a +0 club.
You scratch the gnoll.
You kill the gnoll!
Your Unarmed Combat skill increases to level 4!
You swing at nothing.
You start resting.
HP restored.
You climb downwards.
There is a stone staircase leading up here.
The gnoll hits you with a +0 halberd!
There is a stone staircase leading up here.
The gnoll hits you with a +0 halberd.
You climb upwards.
There is a stone staircase leading down here.
You completely miss the gnoll. The gnoll hits you with a +0 halberd!
You scratch the gnoll but do no damage. The gnoll hits you with a +0 halberd!
* * * LOW HITPOINT WARNING * * *
You scratch the gnoll.
The gnoll is lightly wounded.
The gnoll barely misses you.
You scratch the gnoll.
The gnoll is moderately wounded.
The gnoll hits you with a +0 halberd!
You die...

#.....##.# ##.##.# #
##.#####.# ##.#.#.# #
#.#####.### ##.###..#####
#.<.......# #.## ##......
#.#####.#.####..###.....##
#.# #.#.#......#..>...##
#.#####.................#.
#.......g)...............(
#.#######@#........#...##.
#.# ###.#.....#.........
#.# #...####.######.####
#.# ##.#.## #.# #.##..
#.####.....##### #.##.#
###.^.......^.# #....#
#^#.......#^# ######
#...........#
###.##_##.###


You could see a gnoll.

Vanquished Creatures
  A gnoll (D:2)
  3 adders (D:2)
  A worm (D:2)
  2 dart slugs (D:1)
  3 orcs (D:3)
  2 ball pythons
  4 bats
  6 endoplasms
  4 giant cockroaches
  5 goblins
  4 hobgoblins
  2 quokkas
  A frilled lizard (D:2)
  4 kobolds
  A rat (D:1)
43 creatures vanquished.

Notes
Turn   | Place    | Note
-------+----------+-------------------------------------------
     0 | D:1      | HallandMoats the Ghoul Monk began the quest for the Orb.
     0 | D:1      | Reached XP level 1. HP: 19/19 MP: 0/0
   234 | D:1      | Reached XP level 2. HP: 23/26 MP: 1/1
   384 | D:1      | Reached skill level 1 in Invocations
   925 | D:2      | Reached XP level 3. HP: 30/31 MP: 2/2
  1315 | D:2      | Found a faded altar of an unknown god.
  1445 | D:2      | Reached XP level 4. HP: 38/40 MP: 4/4
  1540 | D:2      | Reached skill level 1 in Armour
  1970 | D:2      | Reached skill level 4 in Unarmed Combat
  2139 | D:2      | Slain by a gnoll

Illustrated notes

Levels and vault maps discovered:
D:1:      lightli_arrival_windingriver, layout_basic
D:2:      layout_loops_ring, shapermc_ecumenical_altar_mp_highgroup
D:3:      layout_rooms, st_stairs_5, hex_intersection, uniq_jessica

Skill      XL: |  1  2  3  4 |
---------------+-------------+-----
Invocations    | 1 |  1.9
Armour         | 1 |  1.0
Unarmed Combat | 4 |  4.0
Fighting       | |  3.8
Dodging        | |  2.9
Stealth        | |  2.1
Shields        | |  0.9

Action                   |  1- 3 |  4- 6 || total
-------------------------+-------+-------++-------
Melee: Unarmed           |    83 |    44 ||   127
       Punch             |     3 |       ||     3
  Use: Scroll            |       |     8 ||     8
 Stab: Sleeping          |     9 |       ||     9
Armor: Robe              |    15 |     9 ||    24
Dodge: Dodged            |    42 |    15 ||    57
Block: Buckler           |     8 |     8 ||    16

Table legend: (Time is in decaauts)
 A = Elapsed time spent in this place.
 B = Non-inter-level travel time spent in this place.
 C = Inter-level travel time spent in this place.
 D = Time resting spent in this place.
 E = Time spent auto-exploring this place.
 F = Levels seen in this place.
 G = Mean time per level.
                   A        B        C        D        E       F      G
               +--------+--------+--------+--------+--------+-----+--------+
         Total |   2136 |   1998 |    138 |    181 |   1387 |   3 |  712.0 |
       Dungeon |   2136 |   1998 |    138 |    181 |   1387 |   3 |  712.0 |
               +--------+--------+--------+--------+--------+-----+--------+

Top non-repeatable levels by time:
     D:2: 998 daAuts
     D:1: 913 daAuts
     D:3: 225 daAuts
